 Dungeon Crawl Stone Soup version bcrawl-1.13 (webtiles) character file.

Game seed: 6444662643570206863

32 Camlann the Sneak (level 3, -10/29 HPs)
             Began as a Demonspawn Archaeologist on July 27, 2019.
             Mangled by Sigmund
             ... wielding a +2 scythe of protection
              (12 damage)
             ... on level 2 of the Dungeon.
             The game lasted 00:01:37 (859 turns).

Camlann the Sneak (Demonspawn Archaeologist)         Turns: 859, Time: 00:01:38

Health: -10/29     AC:  6    Str: 12    XL:     3   Next: 8%
Magic:  0/12       EV: 13    Int: 20    God:
Gold:   63         SH:  0    Dex: 11    Spells: 2/2 levels left

rFire    + . .     SeeInvis .   o - +1 spear (pierce)
rCold    . . .     Gourm    .   (no shield)
rNeg     . . .     Faith    .   b - +1 robe
rPois    .         Spirit   +   c - +1 hat
rElec    .         Reflect  .   (no cloak)
rCorr    .         Harm     .   (no gloves)
MR       +....                  d - +1 pair of boots
Stlth    ++........             (no amulet)
HPRegen  0.09/turn              k - ring of magical power
MPRegen  0.13/turn              s - ring of protection from magic

@: brilliant, studying Dodging
A: fire resistance 1, magic shield
a: no special abilities


You were on level 2 of the Dungeon.
You were not hungry.

You visited 1 branch of the dungeon, and saw 2 of its levels.

You collected 63 gold pieces.

Inventory:

Hand Weapons
 o - a +1 spear of piercing (weapon)
Armour
 b - a +1 robe (worn)
 c - a +1 hat (worn)
 d - a +1 pair of boots (worn)
Jewellery
 k - a ring of magical power (left hand)
 s - a ring of protection from magic (right hand)
Wands
 q - a wand of digging (12)
Scrolls
 h - 3 scrolls of teleportation {unknown}
 j - a scroll of enchant armour {unknown}
 m - 2 scrolls of immolation {unknown}
 n - 2 scrolls of identify {unknown}
 p - a scroll of remove curse {unknown}
 r - a scroll of enchant weapon {unknown}
Books
 e - a manual of Dodging
Miscellaneous
 f - an ancient crate
Comestibles
 g - 2 rations {!d}


   Skills:
 - Level 3.0 Fighting
   Level 0.8 Maces & Flails
 + Level 2.8 Dodging
 - Level 3.0 Stealth


You had 2 spell levels left.
You didn't know any spells.
Your spell library was empty.

Dungeon Overview and Level Annotations

Branches:
Dungeon (2/12)

Altars:
Uskayaw

Annotations:
D:2 Sigmund


Innate Abilities, Weirdness & Mutations

When hurt, damage is shared between your health and your magic reserves.
Your flesh is heat resistant. (rF+)


Message History

You hit something but do no damage.
You hear some strange, mumbled words.
Something tries to affect you, but you resist.
You barely miss something.
You hear some strange, mumbled words.
A puff of flame appears from out of thin air!
The puff of flame hits you! You resist.
* * * LOW HITPOINT WARNING * * *
You feel better. Something hits you but does no damage.
You closely miss something. Something hits you.
You closely miss something. Something hits you!
* * * LOW HITPOINT WARNING * * *
You hit something but do no damage. You hit something but do no damage.
Something hits you.
* * * LOW HITPOINT WARNING * * *
You closely miss something. Something hits you.
* * * LOW HITPOINT WARNING * * *
You barely miss something. You barely miss something. Something hits you!
You die...

#####...# .#
#.# ##### ..
#.# #. #.# #.#
#.# #.# #.#
#.###########.#
#...!.{@!.....#
###############


There were no monsters in sight!

Vanquished Creatures
  2 dart slugs
  3 leopard geckos
  2 giant cockroaches (D:1)
  A goblin (D:1)
  6 hobgoblins
  4 kobolds
  2 bats
  2 frilled lizards (D:1)
22 creatures vanquished.

Notes
Turn   | Place    | Note
-------+----------+-------------------------------------------
     0 | D:1      | Camlann the Demonspawn Archaeologist began the quest for
                  | the Orb.
     0 | D:1      | Reached XP level 1. HP: 15/15 MP: 1/1
   224 | D:1      | Gained mutation: When hurt, damage is shared between your
                  | health and your magic reserves. [demonic ancestry]
   224 | D:1      | Reached XP level 2. HP: 22/22 MP: 2/2
   716 | D:2      | Found a hide-covered altar of Uskayaw.
   734 | D:2      | Reached XP level 3. HP: 26/29 MP: 3/3
   826 | D:2      | Noticed Sigmund
   833 | D:2      | Gained mutation: Your spells are a little easier to cast,
                  | but a little less powerful. [potion of mutation]
   833 | D:2      | Gained mutation: Your flesh is heat resistant. (rF+)
                  | [potion of mutation]
   833 | D:2      | Lost mutation: Your spells are a little easier to cast, but
                  | a little less powerful. [potion of mutation]
   859 | D:2      | Mangled by Sigmund

Skill      XL: |  1  2 |
---------------+-------+-----
Fighting       | 2 3 |  3.0
Maces & Flails | |  0.8
Dodging        | |  2.8
Stealth        | |  3.0

Action                   || total
-------------------------++-------
Melee: Whip              ||    82
       Spear             ||    39
  Use: Potion            ||     5
 Stab: Sleeping          ||     4
Armor: Robe              ||    33
Dodge: Dodged            ||    85
